 Dungeon Crawl Stone Soup version 0.21.1-1-g345015f (webtiles) character file.

63 Figureslego113 the Conjurer (level 3, -2/26 HPs)
             Began as a Draconian Conjurer on May 19, 2018.
             Killed from afar by Daunt's ghost (5 damage)
             ... with a magic dart
             ... on level 3 of the Dungeon.
             The game lasted 00:10:58 (1720 turns).

Figureslego113 the Conjurer (Draconian Conjurer)    Turns: 1720, Time: 00:11:02

Health: -2/26      AC:  5    Str: 10    XL:     3   Next: 87%
Magic:  6/6        EV: 12    Int: 21    God:
Gold:   76         SH:  0    Dex: 11    Spells: 0/6 levels left

rFire    . . .     SeeInvis .     - Unarmed
rCold    . . .     Gourm    .   (no shield)
rNeg     . . .     Faith    .   (armour unavailable)
rPois    .         Spirit   .   (helmet restricted)
rElec    .         Reflect  .   (no cloak)
rCorr    .         Harm     .   (no gloves)
MR       .....                  (no boots)
Stlth    ++........             (no amulet)
HPRegen  0.08/turn              (no ring)
MPRegen  0.10/turn              (no ring)

@: brilliant
A: unfitting armour, cold-blooded, AC +5
a: no special abilities


You were on level 3 of the Dungeon.
You were hungry.

You visited 1 branch of the dungeon, and saw 3 of its levels.

You collected 76 gold pieces.

Inventory:

Scrolls
 c - a scroll of remove curse
Potions
 d - a potion of might {unknown}
Books
 a - a book of Conjurations

   Spells                             Type                      Level
   a - Magic Dart                     Conjuration                  1
   b - Searing Ray                    Conjuration                  2
   c - Dazzling Spray                 Conjuration/Hexes            3
   d - Fulminant Prism                Conjuration/Hexes            4
   e - Force Lance                    Conjuration/Translocation    4
   f - Iskenderun's Mystic Blast      Conjuration                  4
Comestibles
 b - 4 rations


   Skills:
 + Level 2.0 Dodging
 + Level 1.9 Stealth
 + Level 1.1 Unarmed Combat
 + Level 2.4 Spellcasting
 + Level 4.8 Conjurations


You couldn't memorise any spells.
You knew the following spells:

 Your Spells              Type           Power        Failure   Level  Hunger
a - Magic Dart            Conj           ####         1%          1    None
b - Searing Ray           Conj           #####.       1%          2    ##.....
c - Dazzling Spray        Conj/Hex       ####..       1%          3    ###....


Dungeon Overview and Level Annotations

Branches:
Dungeon (3/15)

Altars:
Makhleb
Vehumet

Annotations:
D:3 Daunt's ghost, amateur DECj


Innate Abilities, Weirdness & Mutations

Your plain brown scales are hard. (AC +5)
You cannot fit into any form of body armour.
You are cold-blooded and may be slowed by cold attacks.


Message History

You escape the ball python's grasp.
Daunt's ghost hits you.
You are feeling hungry.
You feel sick. The adder barely misses you.
You feel sick. The adder bites you but does no damage.
The adder barely misses you. Daunt's ghost hits you!
* * * LOW HITPOINT WARNING * * *
The adder bites you.
* * * LOW HITPOINT WARNING * * *
Your magical contamination has completely faded away.
You feel sick.
You are no longer poisoned.
It was a potion of brilliance.
You feel clever all of a sudden. The adder closely misses you.
The ball python misses you. The ball python closely misses you.
Daunt's ghost gestures at you while chanting.
The magic dart hits you!
You die...

#..... #.....
#.... ....
#..######
#......##
##..S....##
#..@W.....#
#...S.....#
#.........#
............#
##..........#
##..?......#
#.........#
#.........#
#.........#


You could see Daunt's ghost, an adder and a ball python.

Vanquished Creatures
  An ooze (D:2)
  A worm (D:2)
  A leopard gecko (D:1)
  5 giant cockroaches
  9 hobgoblins
  6 kobolds
  9 bats
  2 frilled lizards (D:2)
  8 goblins
  6 rats
48 creatures vanquished.

Notes
Turn   | Place    | Note
-------+----------+-------------------------------------------
     0 | D:1      | Figureslego113 the Draconian Conjurer began the quest for the Orb.
     0 | D:1      | Reached XP level 1. HP: 14/14 MP: 3/3
   133 | D:1      | Reached XP level 2. HP: 20/20 MP: 1/5
   142 | D:1      | Learned a level 2 spell: Searing Ray
   760 | D:1      | Reached XP level 3. HP: 24/26 MP: 3/6
   765 | D:1      | Learned a level 3 spell: Dazzling Spray
  1238 | D:2      | Reached skill level 1 in Unarmed Combat
  1311 | D:2      | Learned a level 3 spell: Dazzling Spray
  1518 | D:2      | Found a radiant altar of Vehumet.
  1518 | D:2      | Found a burning altar of Makhleb.
  1704 | D:3      | Noticed Daunt's ghost (amateur DECj)
  1720 | D:3      | Killed from afar by Daunt's ghost

Skill      XL: |  1  2  3 |
---------------+----------+-----
Dodging        | 2 |  2.0
Unarmed Combat | 1 |  1.1
Stealth        | |  1.9
Spellcasting   | |  2.4
Conjurations   | |  4.8

Action                   || total
-------------------------++-------
Melee: Unarmed           ||    92
       Tailslap          ||     9
 Cast: Magic Dart        ||    74
       Searing Ray       ||     1
       Dazzling Spray    ||     1
  Use: Scroll            ||     6
       Potion            ||     2
  Eat: Ration            ||     1
Armor: Skin              ||    40
Dodge: Dodged            ||   101
